 Dungeon Crawl Stone Soup version 0.30-a0-358-g0d69a1922f (webtiles) character file.

Game seed: 11565833220355294664

618 billz999 the Skirmisher (level 7, 0/56 HPs)
             Began as a Gnoll Hunter on Nov 10, 2022.
             Was a Follower of Okawaru.
             Killed from afar by Ijyb (4 damage)
             ... with a bolt of light
             ... on level 4 of the Dungeon.
             The game lasted 00:05:21 (2378 turns).

billz999 the Skirmisher (Gnoll Hunter)              Turns: 2378, Time: 00:05:21

Health: 0/56       AC:  5    Str: 11    XL:     7   Next: 45%
Magic:  10/10      EV: 14    Int:  8    God:    Okawaru [*.....]
Gold:   137        SH:  0    Dex: 17    Spells: 11/11 levels left

rFire   . . .      SeeInvis .    a - +0 shortbow
rCold   . . .      Faith    .    (shield currently unavailable)
rNeg    . . .      Spirit   .    c - +0 leather armour
rPois   .          Reflect  .    (no helmet)
rElec   .          Harm     .    d - +0 cloak
rCorr   .          Rampage  .    p - +0 pair of gloves
Will    .....                    (no boots)
Stlth   ++........               (no amulet)
HPRegen 0.29/turn                s - ring of wizardry
MPRegen 0.12/turn                (no ring)

@: no status effects
A: fangs 1, strong nose, distributed training
a: Renounce Religion, Heroism


You were on level 4 of the Dungeon.
You worshipped Okawaru.
Okawaru was aware of your devotion.
You visited 1 branch of the dungeon, and saw 4 of its levels.

You collected 137 gold pieces.

Inventory:

Hand Weapons
 a - a +0 shortbow (weapon)
 o - a +1 dagger of draining
 w - the +3 spear of Wadol {pain, rN+++ Int+3 Dex-3}
   (You found it on level 3 of the Dungeon)

   In the hands of one skilled in necromantic magic, it inflicts extra damage on
   living creatures.
   Int:       It affects your intelligence (+3).
   Dex:       It affects your dexterity (-3).
   rN:        It renders you almost immune to negative energy.
Missiles
 j - 10 javelins
Armour
 c - a +0 leather armour (worn)
 d - a +0 cloak (worn)
 p - a +0 pair of gloves (worn)
Jewellery
 s - a ring of wizardry (left hand)
Scrolls
 b - a scroll of immolation
 h - a scroll of summoning {unknown}
 i - 2 scrolls of identify {unknown}
 k - 2 scrolls of fog {unknown}
 q - a scroll of teleportation {unknown}
 r - a scroll of fear {unknown}
 t - a scroll of amnesia {unknown}
 u - a scroll of blinking {unknown}
 y - a scroll of brand weapon {unknown}
 z - a scroll of vulnerability {unknown}
Potions
 e - 2 potions of might {unknown}
 f - a potion of lignification {unknown}
 g - a potion of flight {unknown}
 l - 3 potions of attraction {unknown}
 m - a potion of curing {unknown}
 n - 2 potions of cancellation {unknown}
 v - a potion of berserk rage {unknown}
 x - a potion of ambrosia {unknown}


   Skills:
 + Level 5.3 Fighting
 + Level 2.6 Short Blades
 + Level 2.6 Long Blades
 + Level 2.6 Axes
 + Level 2.6 Maces & Flails
 + Level 2.6 Polearms
 + Level 2.6 Staves
 + Level 9.0 Ranged Weapons
 + Level 2.6 Throwing
 + Level 2.6 Armour
 + Level 5.3 Dodging
 + Level 3.5 Stealth
 + Level 2.6 Shields
 + Level 2.6 Unarmed Combat
 + Level 2.6 Spellcasting
 + Level 2.1 Conjurations
 + Level 2.1 Hexes
 + Level 2.1 Summonings
 + Level 2.1 Necromancy
 + Level 2.1 Translocations
 + Level 2.1 Transmutations
 + Level 2.1 Fire Magic
 + Level 2.1 Ice Magic
 + Level 2.1 Air Magic
 + Level 2.1 Earth Magic
 + Level 2.1 Poison Magic
 + Level 2.9 Invocations
 + Level 2.6 Evocations


You had 11 spell levels left.
You didn't know any spells.
Your spell library contained the following spells:

 Spells                   Type           Power      Damage    Failure   Level
 Ozocubu's Armour         Ice            4%         N/A       22%         3
 Ozocubu's Refrigeration  Ice            2%         4d7       100%        7


Dungeon Overview and Level Annotations

Branches:
Dungeon (4/15)
 Temple: D:4-7

Altars:
Kikubaaqudgha
Okawaru
Qazlal

Annotations:
D:4 Ijyb


Innate Abilities, Weirdness & Mutations

You have very sharp teeth.
Your uncanny sense of smell can sniff out nearby items.
Your experience applies equally to all skills.


Message History

The ball python grabs you. The ball python constricts you.
Fire: a) +0 shortbow
Press: ? - help, Shift-Dir - straight line, f - Ijyb, p - ball python
Aim: Ijyb, wielding a +0 club, wearing a +0 ring mail and carrying a wand of light (8) (moderately wounded, 63% to hit)
You shoot an arrow.
The arrow closely misses the ball python.
The arrow barely misses Ijyb.
Ijyb zaps a wand.
The bolt of light hits the ball python!
The ball python dies!
The bolt of light hits you!
Fire: a) +0 shortbow
Press: ? - help, Shift-Dir - straight line, f/p - Ijyb
Aim: Ijyb, wielding a +0 club, wearing a +0 ring mail and carrying a wand of light (7) (moderately wounded, 63% to hit)
Okay, then.
Ijyb zaps a wand.
The bolt of light hits you!
You shoot an arrow. The arrow hits Ijyb but does no damage.
Ijyb is moderately wounded.
Ijyb hits you but does no damage. Ijyb completely misses you.
You shoot an arrow. The arrow hits Ijyb but does no damage.
Ijyb is moderately wounded.
Ijyb closely misses you.
You shoot an arrow. The arrow hits Ijyb.
Ijyb is heavily wounded.
Ijyb hits you with a +0 club.
You shoot an arrow. The arrow barely misses Ijyb.
Ijyb hits you with a +0 club.
You shoot an arrow. The arrow closely misses Ijyb.
Ijyb misses you.
You shoot an arrow. The arrow hits Ijyb.
Ijyb is severely wounded.
Ijyb barely misses you.
You shoot an arrow. The arrow hits Ijyb but does no damage.
Ijyb is severely wounded.
Ijyb hits you with a +0 club.
You shoot an arrow. The arrow hits Ijyb.
Ijyb is almost dead.
Ijyb zaps a wand.
The bolt of light hits you!
* * * LOW HITPOINT WARNING * * *
You shoot an arrow. The arrow hits Ijyb.
Ijyb is almost dead.
Ijyb zaps a wand.
The bolt of light hits you.
You die...

..# ... ..
########$#
#........#
#........#
#........#
####g......##
#.##@#######
#....# #>####
#.# #####.#
#.....#
#.....#
#.....####
#........#


You could see Ijyb.

Vanquished Creatures
  Sigmund (D:3)
  Eustachio (D:4)
  An ogre (D:4)
  A scorpion (D:4)
  A hound (D:3)
  An orc priest (D:3)
  An orc wizard (D:3)
  2 adders (D:2)
  A worm (D:2)
  3 dart slugs
  An orc (D:3)
  6 ball pythons
  An endoplasm (D:2)
  6 giant cockroaches
  5 hobgoblins
  5 jackals (D:3)
  2 quokkas
  3 bats
  5 frilled lizards
  6 goblins
  6 kobolds
  5 rats
64 creatures vanquished.

Vanquished Creatures (others)
  A human (D:3)
  A ball python (D:4)
2 creatures vanquished.

Grand Total: 66 creatures vanquished

Notes
Turn   | Place    | Note
-------+----------+-------------------------------------------
     0 | D:1      | billz999 the Gnoll Hunter began the quest for the Orb.
     0 | D:1      | Reached XP level 1. HP: 20/20 MP: 1/1
   131 | D:1      | Reached XP level 2. HP: 26/26 MP: 2/2
   635 | D:2      | Reached XP level 3. HP: 31/31 MP: 2/4
   708 | D:2      | Found a faded altar of an unknown god.
   757 | D:2      | Reached skill level 1 in Invocations
   985 | D:2      | Reached skill level 1 in Short Blades
   985 | D:2      | Reached skill level 1 in Long Blades
   985 | D:2      | Reached skill level 1 in Axes
   985 | D:2      | Reached skill level 1 in Maces & Flails
   985 | D:2      | Reached skill level 1 in Polearms
   985 | D:2      | Reached skill level 1 in Staves
   985 | D:2      | Reached skill level 1 in Throwing
   985 | D:2      | Reached skill level 1 in Armour
   985 | D:2      | Reached skill level 1 in Shields
   985 | D:2      | Reached skill level 1 in Unarmed Combat
   985 | D:2      | Reached skill level 1 in Spellcasting
   985 | D:2      | Reached skill level 1 in Evocations
  1206 | D:2      | Reached XP level 4. HP: 38/38 MP: 5/5
  1275 | D:3      | Identified the +3 spear of Wadol {pain, rN+++ Int+3 Dex-3}
  1359 | D:3      | Reached skill level 1 in Conjurations
  1359 | D:3      | Reached skill level 1 in Hexes
  1359 | D:3      | Reached skill level 1 in Summonings
  1359 | D:3      | Reached skill level 1 in Necromancy
  1359 | D:3      | Reached skill level 1 in Translocations
  1359 | D:3      | Reached skill level 1 in Transmutations
  1359 | D:3      | Reached skill level 1 in Fire Magic
  1359 | D:3      | Reached skill level 1 in Ice Magic
  1359 | D:3      | Reached skill level 1 in Air Magic
  1359 | D:3      | Reached skill level 1 in Earth Magic
  1359 | D:3      | Reached skill level 1 in Poison Magic
  1379 | D:3      | Reached XP level 5. HP: 18/43 MP: 5/7
  1613 | D:3      | Found a stormy altar of Qazlal.
  1698 | D:3      | Found an iron altar of Okawaru.
  1765 | D:3      | Noticed Sigmund
  1778 | D:3      | Killed Sigmund
  1779 | D:3      | Reached skill level 5 in Fighting
  1779 | D:3      | Reached skill level 5 in Dodging
  1779 | D:3      | Reached XP level 6. HP: 34/51 MP: 7/9
  1817 | D:3      | Became a worshipper of Warmaster Okawaru
  1874 | D:3      | Found an ancient bone altar of Kikubaaqudgha.
  1875 | D:3      | Noticed a human
  1878 | D:3      | Killed a human
  1936 | D:4      | Noticed Eustachio
  2236 | D:4      | Reached XP level 7. HP: 56/56 MP: 10/10
  2247 | D:4      | Killed Eustachio
  2247 | D:4      | Reached * piety under Okawaru
  2248 | D:4      | Reached skill level 9 in Ranged Weapons
  2355 | D:4      | Noticed Ijyb
  2378 | D:4      | Killed from afar by Ijyb

Illustrated notes

Levels and vault maps discovered:
D:1:      roderic_dead_forest, layout_basic
D:2:      minmay_door_path, layout_basic, ebering_ecumenical_altar_abandoned,
          serial_glass, glass_columns_b, glass_columns_b, glass_columns_a,
          glass_columns_a, item_on_display_b, feat_on_display
D:3:      layout_rooms, mainiacjoe_overflow_24_doors,
          mainiacjoe_overflow_alcove_2, tgw_kikubaaqudgha,
          kennysheep_nondescript, uniq_sigmund
D:4:      layout_basic, bloody_makhleb, minmay_crystal_water, uniq_ijyb,
          uniq_eustachio

Skill      XL: |  1  2  3  4  5  6  7 |
---------------+----------------------+-----
Invocations    | 1 2 |  2.9
Short Blades   | 1 2 |  2.6
Long Blades    | 1 2 |  2.6
Axes           | 1 2 |  2.6
Maces & Flails | 1 2 |  2.6
Polearms       | 1 2 |  2.6
Staves         | 1 2 |  2.6
Throwing       | 1 2 |  2.6
Armour         | 1 2 |  2.6
Shields        | 1 2 |  2.6
Unarmed Combat | 1 2 |  2.6
Spellcasting   | 1 2 |  2.6
Evocations     | 1 2 |  2.6
Conjurations   | 1 2 |  2.1
Hexes          | 1 2 |  2.1
Summonings     | 1 2 |  2.1
Necromancy     | 1 2 |  2.1
Translocations | 1 2 |  2.1
Transmutations | 1 2 |  2.1
Fire Magic     | 1 2 |  2.1
Ice Magic      | 1 2 |  2.1
Air Magic      | 1 2 |  2.1
Earth Magic    | 1 2 |  2.1
Poison Magic   | 1 2 |  2.1
Fighting       | 5 |  5.3
Dodging        | 5 |  5.3
Stealth        | 3 |  3.5
Ranged Weapons | 9 |  9.0

Action                   |  1- 3 |  4- 6 |  7- 9 || total
-------------------------+-------+-------+-------++-------
Melee: Spear             |       |    31 |       ||    31
       Bite              |       |     5 |       ||     5
 Fire: Shortbow          |    79 |    73 |    28 ||   180
Armor: Leather armour    |     8 |    14 |    19 ||    41
Dodge: Dodged            |     9 |    31 |    32 ||    72

Table legend: (Time is in decaauts)
 A = Elapsed time spent in this place.
 B = Non-inter-level travel time spent in this place.
 C = Inter-level travel time spent in this place.
 D = Time resting spent in this place.
 E = Time spent auto-exploring this place.
 F = Levels seen in this place.
 G = Mean time per level.
                   A        B        C        D        E       F      G
               +--------+--------+--------+--------+--------+-----+--------+
         Total |   2395 |   2239 |    156 |    196 |   1638 |   4 |  598.8 |
       Dungeon |   2395 |   2239 |    156 |    196 |   1638 |   4 |  598.8 |
               +--------+--------+--------+--------+--------+-----+--------+

Top non-repeatable levels by time:
     D:2: 695 daAuts
     D:3: 695 daAuts
     D:1: 571 daAuts
     D:4: 433 daAuts
